 Dungeon Crawl Stone Soup version 0.26.1-2-gb8aa6d0cf2 (webtiles) character file.

Game seed: 5655766204816205806

3593 pascalblue the Geomancer (level 9, -18/45 HPs)
             Began as a Deep Elf Earth Elementalist on Mar 15, 2021.
             Was a Follower of Sif Muna.
             Demolished by a cane toad (22 damage)
             ... on level 1 of the Lair of Beasts.
             The game lasted 00:34:25 (13210 turns).

pascalblue the Geomancer (DEEE)                    Turns: 13210, Time: 00:34:25

Health: -18/45     AC:  9    Str:  7    XL:     9   Next: 85%
Magic:  26/32      EV: 13    Int: 28    God:    Sif Muna [*.....]
Gold:   180        SH:  0    Dex: 15    Spells: 8/25 levels left

rFire    . . .     SeeInvis .   x - +9 spear (chaos)
rCold    . . .     Faith    .   (no shield)
rNeg     . . .     Spirit   .   c - +0 robe
rPois    .         Reflect  .   (no helmet)
rElec    .         Harm     .   F - +1 cloak {Will+}
rCorr    .         Rampage  .   (no gloves)
Will     +....                  q - +0 pair of boots of Lesser Demons {Str+2 Int+4 Stlth+}
Stlth    +++.......             (no amulet)
HPRegen  0.15/turn              p - ring of magical power
MPRegen  0.23/turn              t - +4 ring of protection

@: studying Armour
A: no striking features
a: Renounce Religion, Channel Magic


You were on level 1 of the Lair of Beasts.
You worshipped Sif Muna.
Sif Muna was aware of your devotion.
You visited 2 branches of the dungeon, and saw 9 of its levels.

You collected 449 gold pieces.
You spent 269 gold pieces at shops.

Inventory:

Hand Weapons
 e - a +0 dagger
 j - a +4 spear of venom
 w - a +1 vampiric halberd
 x - a +9 spear of chaos (weapon)
Missiles
 a - 43 poisoned darts
 b - 82 stones
 i - 10 boomerangs
 D - 7 datura-tipped darts
Armour
 c - a +0 robe (worn)
 o - a +1 pair of boots
 q - the +0 pair of boots of Lesser Demons (worn) {Str+2 Int+4 Stlth+}
   (You bought it in a shop on level 4 of the Dungeon)

   It affects your strength (+2).
   It affects your intelligence (+4).
   It makes you more stealthy.
 F - a +1 cloak of willpower (worn)
Magical Staves
 B - an uncursed staff of death
Jewellery
 d - an uncursed ring of protection from fire
 p - a ring of magical power (left hand)
 t - a +4 ring of protection (right hand)
 A - an uncursed ring of poison resistance
 C - an uncursed ring of protection from cold
Wands
 h - a wand of iceblast (6)
 y - a wand of paralysis (8)
 H - a wand of polymorph (17)
 I - a wand of disintegration (25)
 J - a wand of flame (12)
 K - a wand of enslavement (8)
Scrolls
 f - a scroll of remove curse
 r - 2 scrolls of magic mapping
 s - 3 scrolls of teleportation
Potions
 g - 2 potions of heal wounds
 k - 7 potions of lignification
 l - a potion of berserk rage
 m - 2 potions of attraction
 n - 7 potions of curing
 u - a potion of resistance
 z - a potion of degeneration
 E - 2 potions of magic {unknown}
 G - 2 potions of flight {unknown}
 L - 2 potions of brilliance {unknown}
Books
 v - a manual of Armour


   Skills:
 - Level 3.0 Dodging
 - Level 3.0 Stealth
 + Level 8.7 Spellcasting
 - Level 6.0 Conjurations
 + Level 2.8 Summonings
 - Level 6.0 Transmutations
 * Level 10.2 Earth Magic
 - Level 3.0 Invocations


You had 8 spell levels left.
You knew the following spells:

 Your Spells              Type           Power        Failure   Level
a - Sandblast             Erth           100%         1%          1
b - Stone Arrow           Conj/Erth      100%         1%          3
c - Petrify               Tmut/Erth      55%          1%          4
d - Passwall              Tmut/Erth      45%          1%          2
e - Lee's Rapid Deconstr  Erth           31%          1%          5
f - Call Imp              Summ           28%          2%          2

Your spell library contained the following spells:

 Spells                   Type           Power        Failure   Level
 Summon Small Mammal      Summ           100%         1%          1
 Call Canine Familiar     Summ           28%          4%          3
 Summon Guardian Golem    Hex/Summ       20%          8%          3
 Summon Ice Beast         Ice/Summ       20%          26%         4
 Summon Lightning Spire   Summ/Air       20%          26%         4


Dungeon Overview and Level Annotations

Branches:
Dungeon (8/15)             Temple (0/1) D:6            Lair (1/6) D:8

Altars:
Ashenzari
Cheibriados
Hepliaklqana
Nemelex Xobeh
Qazlal
Ru
Sif Muna
Wu Jian

Shops:
D:4 [}*}(


Message History

The yak is heavily wounded.
You hear a bellow!
You hear a howl! x3; You hear a bellow!
A yak comes into view.
You enter the shallow water.
Moving in this stuff is going to be slow.
The yak gores you! The cane toad barely misses you.
The cane toad closely misses you.
A yak comes into view.
The yak barely misses you.
The cane toad stings you but does no damage.
A yak comes into view.
The cane toad stings you! The cane toad stings you!!
Ouch! That really hurt!
* * * LOW HITPOINT WARNING * * *
The cane toad stings you but does no damage.
The yak bellows! x2
Found a stone staircase leading down.
The cane toad stings you!!
You die...

.................................
.................................
.................................
.....Y.Y........≈≈...#≈##.##P##..
.....#.#####..≈≈≈≈≈≈.≈###########
.... ## #..≈≈≈≈≈≈≈≈.# .
##Y≈≈≈≈≈≈≈≈≈.# #..Y≈≈≈≈.≈≈≈.#
##≈≈≈F@<.≈≈≈.# ##.Y≈Y≈.≈≈≈≈.#
#..≈Y≈≈≈≈≈≈≈.... #...≈≈≈≈≈≈≈≈....
......≈≈≈≈≈≈≈≈.....
........≈≈≈.≈......
....................
...................
................>


You could see 5 yaks and a cane toad.

Vanquished Creatures
  The ghost of Craboon the Skirmisher, an amateur OgAM (D:3)
  A spriggan (D:8)
  3 yaks (D:6)
  An orc warrior (D:8)
  A swamp drake (D:8)
  A black bear (D:6)
  A necrophage (D:5)
  2 centaurs
  An ogre (D:4)
  A bullfrog (D:6)
  A wyvern zombie (D:8)
  A scorpion (D:6)
  4 killer bees (D:8)
  14 wights
  A howler monkey (D:6)
  A quasit (D:5)
  A bullfrog zombie (D:5)
  2 jellies
  3 hounds (D:5)
  A gnoll shaman (D:3)
  3 orc priests
  Terence (D:2)
  An iguana (D:5)
  8 orc wizards
  4 worker ants
  A hound skeleton (D:5)
  2 worker ant zombies
  16 gnolls
  12 adders
  2 shadow imps (D:8)
  2 white imps
  6 ufetubi
  2 oozes
  2 worms
  4 dart slugs
  7 leopard geckos
  19 orcs
  6 bats
  8 giant cockroaches
  9 goblins
  15 hobgoblins
  8 jackals
  3 quokkas
  5 ball pythons
  5 frilled lizards
  A jackal skeleton (D:8)
  8 kobolds
  4 rats
206 creatures vanquished.

Vanquished Creatures (others)
  7 plants
7 creatures vanquished.

Grand Total: 213 creatures vanquished

Notes
Turn   | Place    | Note
-------+----------+-------------------------------------------
     0 | D:1      | pascalblue the Deep Elf Earth Elementalist began the quest
                  | for the Orb.
     0 | D:1      | Reached XP level 1. HP: 10/10 MP: 6/6
   409 | D:1      | Reached XP level 2. HP: 1/15 MP: 6/8
   786 | D:1      | Reached XP level 3. HP: 13/19 MP: 0/9
  1200 | D:1      | Reached skill level 4 in Earth Magic
  2087 | D:2      | Reached XP level 4. HP: 15/24 MP: 6/11
  2351 | D:2      | Learned a level 3 spell: Stone Arrow
  2356 | D:2      | Learned a level 4 spell: Petrify
  3038 | D:2      | Noticed Terence
  3051 | D:2      | Killed Terence
  3815 | D:2      | Learned a level 2 spell: Passwall
  3917 | D:3      | Reached XP level 5. HP: 22/28 MP: 8/13
  4100 | D:3      | Reached skill level 1 in Conjurations
  4158 | D:3      | Found a transporter.
  4171 | D:3      | Found a transporter.
  4187 | D:3      | Noticed Craboon's ghost (amateur OgAM)
  4566 | D:3      | Found a broken altar of Ashenzari.
  5147 | D:3      | Reached skill level 5 in Earth Magic
  5482 | D:3      | Killed Craboon's ghost
  5483 | D:3      | Reached skill level 5 in Spellcasting
  5483 | D:3      | Reached skill level 6 in Earth Magic
  5483 | D:3      | Reached XP level 6. HP: 7/32 MP: 14/15
  5799 | D:3      | Learned a level 5 spell: Lee's Rapid Deconstruction
  6094 | D:3      | Reached XP level 7. HP: 36/36 MP: 16/16
  6556 | D:4      | Found Ytaif's Mass Market.
  6603 | D:4      | Found Jesmal's Gadget Shop.
  6779 | D:4      | Found Odogh's Antique Weapon Boutique.
  6784 | D:4      | Found Hacit's Gadget Emporium.
  7192 | D:4      | Found Taokitt's Armour Boutique.
  7751 | D:5      | Entered Level 5 of the Dungeon
  7928 | D:5      | Reached skill level 7 in Earth Magic
  7988 | D:5      | Found a snail-covered altar of Cheibriados.
  8451 | D:5      | Reached XP level 8. HP: 41/41 MP: 19/19
  9148 | D:5      | Found an ornate altar of the Wu Jian Council.
  9151 | D:5      | Found a hazy altar of Hepliaklqana.
  9154 | D:5      | Found a stormy altar of Qazlal.
  9157 | D:5      | Found a sparkling altar of Nemelex Xobeh.
  9486 | D:6      | Reached skill level 5 in Transmutations
  9486 | D:6      | Reached skill level 8 in Earth Magic
  9689 | D:6      | Reached skill level 5 in Conjurations
  9973 | D:4      | Bought the +0 pair of boots of Lesser Demons {Str+2 Int+4
                  | Stlth+} for 269 gold pieces
 10109 | D:6      | Reached XP level 9. HP: 45/45 MP: 22/22
 10278 | D:6      | Found a shimmering blue altar of Sif Muna.
 10286 | D:6      | Became a worshipper of Sif Muna the Loreminder
 10294 | D:6      | Reached skill level 9 in Earth Magic
 10568 | D:6      | Found a staircase to the Ecumenical Temple.
 11095 | D:7      | Reached skill level 1 in Invocations
 11420 | D:7      | Learned a level 2 spell: Call Imp
 11711 | D:8      | Reached * piety under Sif Muna
 11757 | D:8      | Reached skill level 1 in Summonings
 11764 | D:8      | Found a staircase to the Lair.
 12471 | D:8      | Reached skill level 10 in Earth Magic
 13077 | D:8      | Found a sacrificial altar of Ru.
 13135 | Lair:1   | Entered Level 1 of the Lair of Beasts
 13196 | Lair:1   | Noticed a cane toad
 13210 | Lair:1   | Demolished by a cane toad

Illustrated notes

Levels and vault maps discovered:
D:1:      lightli_arrival_statuegarden, layout_basic, minmay_ruptured
D:2:      layout_basic, kennysheep_path_1, minmay_cupped, uniq_terence
D:3:      layout_basic, lemuel_crystal_altar, gammafunk_ghost_gnarly_gnolls,
          serial_rivers, chequers_serial_rivers_micro_d,
          chequers_serial_rivers_micro_e, chequers_serial_rivers_small_b,
          chequers_serial_rivers_small_a, chequers_serial_rivers_micro_e,
          minmay_diced_spiral
D:4:      layout_cave_pods, serial_column_ruins, column_ruins_square_medium,
          column_ruins_hut, column_ruins_grid_2, column_ruins_columns_straight,
          column_ruins_open_large, column_ruins_open_small,
          column_ruins_columns_straight, column_ruins_corridor_straight,
          serial_shops, shop, shop, nicolae_shop_statue_plus, shop,
          minmay_shop_mass, st_stairs_9, minivault_5
D:5:      layout_basic, grunt_temple_overflow_cloverleaf, basic_altar
D:6:      minmay_klotski, layout_cave_pods, led_sif_book,
          minmay_temple_entry_poolview, grunt_ministairs_6,
          serial_bayou_crossing
D:7:      layout_basic, skrybe_limestone_x
D:8:      layout_basic, marbit_many_paths, lair_entry_dummy,
          serial_corexii_hall, chequers_hall_statues_y, corexii_hall_statues_i,
          the_bakery
Lair:1:   layout_hall_layers, infiniplex_staircase_pool_2

Skill      XL: |  1  2  3  4  5  6  7  8  9 |
---------------+----------------------------+-----
Stealth        | 3 |  3.0
Earth Magic    | 4 6 7 8 10 | 10.2
Dodging        | 3 |  3.0
Transmutations | 2 3 4 5 6 |  6.0
Spellcasting   | 4 5 6 7 8 |  8.7
Conjurations   | 2 3 5 6 |  6.0
Invocations    | 3 |  3.0
Summonings     | 2 |  2.8

Action                   |  1- 3 |  4- 6 |  7- 9 || total
-------------------------+-------+-------+-------++-------
Melee: Unarmed           |    10 |       |       ||    10
       Dagger            |    34 |    46 |       ||    80
       Spear             |       |       |   120 ||   120
 Cast: Sandblast         |    43 |    81 |    48 ||   172
       Stone Arrow       |       |     6 |    87 ||    93
       Lee's Rapid Decon |       |       |    16 ||    16
Invok: Channel Magic     |       |       |     1 ||     1
Evoke: Wand              |       |     1 |       ||     1
  Use: Scroll            |       |     7 |    13 ||    20
       Potion            |       |     1 |       ||     1
 Stab: Sleeping          |     4 |     3 |     3 ||    10
       Petrifying        |       |       |     1 ||     1
       Paralysed         |       |       |     1 ||     1
Armor: Robe              |     9 |    23 |    75 ||   107
Dodge: Dodged            |    53 |    76 |   127 ||   256
